 Dungeon Crawl Stone Soup version 0.30-a0-718-geaa24f58ff (webtiles) character file.

Game seed: 7919866269270729634

169495 freelancePsychic the Slayer (level 17, -26/173 HPs)
             Began as a Ghoul Wanderer on Jan 25, 2023.
             Was a High Priest of Nemelex Xobeh.
             Annihilated by a radroach (33 damage)
             ... on level 4 of the Spider Nest.
             The game lasted 01:04:33 (38763 turns).

freelancePsychic the Slayer (Ghoul Wanderer)       Turns: 38763, Time: 01:04:34

Health: -26/173    AC: 21    Str: 18 (19) XL:     17   Next: 97%
Magic:  17/17      EV: 14    Int:  6 (7)  God:    Nemelex Xobeh [*****.]
Gold:   3210       SH: 13    Dex: 17      Spells: 18/18 levels left

rFire   + + .      SeeInvis .      - Unarmed
rCold   + . .      Faith    .    s - +3 buckler "Zaudokyexu" {Will+++}
rNeg    + + +      Spirit   .    E - +4 scale mail
rPois   ∞          Reflect  +    l - +0 helmet
rElec   .          Harm     .    L - +0 cloak
rCorr   +          Rampage  .    x - +2 pair of gloves "Biecw" {rF+ MP-9 Dex+4}
Will    ++++.                    b - +0 pair of boots
Stlth   +                        P - amulet of reflection
HPRegen 0.00/turn                i - ring of resist corrosion
MPRegen 0.15/turn                e - ring of protection from fire

@: contaminated, inhibited regen, glowing, studying Fighting
A: claws 1, cold resistance 1, negative energy resistance 3, inhibited
regeneration, torment resistance 2, devour on kill
a: Renounce Religion, Draw Escape, Draw Destruction, Draw Summoning, Draw Stack,
Triple Draw, Deal Four, Stack Five


You were on level 4 of the Spider Nest.
You worshipped Nemelex Xobeh.
Nemelex Xobeh was extremely pleased with you.
You visited 5 branches of the dungeon, and saw 27 of its levels.
You also visited: Ossuary and Bailey.

You collected 4795 gold pieces.
You spent 1585 gold pieces at shops.

Inventory:

Hand Weapons
 a - a +9 dagger of distortion
Armour
 b - a +0 pair of boots (worn)
 l - a +0 helmet (worn)
 s - the +3 buckler "Zaudokyexu" (worn) {Will+++}
   (You acquired it on level 6 of the Dungeon)

   Will:      It greatly increases your willpower.
 t - a +0 kite shield
 v - a +3 leather armour of cold resistance
 x - the +2 pair of gloves "Biecw" (worn) {rF+ MP-9 Dex+4}
   (You acquired it on level 2 of the Orcish Mines)

   Dex:       It affects your dexterity (+4).
   rF:        It protects you from fire.
   MP:        It affects your magic capacity (-9).
 E - a +4 scale mail (worn)
 L - a +0 cloak (worn)
Jewellery
 d - a +5 ring of evasion
 e - a ring of protection from fire (right hand)
 i - a ring of resist corrosion (left hand)
 P - an amulet of reflection (around neck)
 R - a ring of protection from cold
 U - the amulet of the Burning Gods {RegenMP rElec Will+ Int-2}
   (You found it on level 1 of the Lair of Beasts)

   [amulet of magic regeneration]

   It increases your rate of magic regeneration.
   Int:       It affects your intelligence (-2).
   rElec:     It insulates you from electricity.
   Will:      It increases your willpower.
Wands
 f - a wand of digging (7)
 u - a wand of paralysis (12)
 J - a wand of light (9)
 S - a wand of roots (1)
 T - a wand of mindburst (4)
 Z - a wand of flame (28)
Scrolls
 g - 8 scrolls of noise
 k - 16 scrolls of identify {@r1}
 m - 4 scrolls of immolation
 q - 2 scrolls of butterflies
 r - 5 scrolls of magic mapping
 z - a scroll of silence
 C - 2 scrolls of fog
 D - a scroll of brand weapon
 H - 4 scrolls of enchant armour
 N - 4 scrolls of amnesia
 O - 3 scrolls of enchant weapon
 Q - 12 scrolls of teleportation {@r4}
 Y - a scroll of poison
Potions
 c - 4 potions of curing {@q1}
 h - 6 potions of brilliance
 j - 3 potions of flight
 n - 7 potions of might
 o - 5 potions of haste {@q3}
 p - 8 potions of mutation
 w - 5 potions of attraction
 B - 10 potions of ambrosia
 F - 4 potions of magic
 G - 4 potions of resistance
 I - 4 potions of degeneration
 M - 2 potions of berserk rage
 X - 3 potions of cancellation
Miscellaneous
 y - a phial of floods
 V - a tin of tremorstones (2/2)


   Skills:
 - Level 21.1 Fighting
 - Level 10.0 Short Blades
 - Level 3.2 Staves
 - Level 12.8 Armour
 - Level 8.4 Dodging
 - Level 4.4 Stealth
 - Level 4.0 Shields
 * Level 12.4 Unarmed Combat
 - Level 1.0 Spellcasting
 - Level 2.0 Necromancy
 - Level 14.1 Invocations


You had 18 spell levels left.
You didn't know any spells.
Your spell library contained the following spells:

 Spells                   Type           Power      Damage    Failure   Level
 Necrotise                Necr           8%         1d4       52%         1
 Kiss of Death            Conj/Necr      4%         2d5       67%         1
 Apportation              Tloc           0%         N/A       80%         1
 Magic Dart               Conj           0%         1d3       80%         1
 Sandblast                Erth           0%         2d4       80%         1
 Summon Small Mammal      Summ           0%         N/A       80%         1
 Vampiric Draining        Necr           2%         2d6       88%         3
 Blink                    Tloc           0%         N/A       91%         2
 Call Imp                 Summ           0%         N/A       91%         2
 Ensorcelled Hibernation  Hex/Ice        0%         N/A       91%         2
 Lesser Beckoning         Tloc           0%         N/A       91%         2
 Momentum Strike          Conj/Tloc      0%         3d8       91%         2
 Passwall                 Tmut/Erth      0%         N/A       91%         2
 Call Canine Familiar     Summ           0%         N/A       99%         3
 Confusing Touch          Hex            0%         N/A       99%         3
 Dazzling Flash           Conj/Hex       0%         N/A       99%         3
 Gell's Gravitas          Tloc           0%         N/A       99%         3
 Kindle Blastsparks       Fire/Tloc/Air  0%         2d10      99%         3
 Mephitic Cloud           Conj/Pois/Air  0%         N/A       99%         3
 Stone Arrow              Conj/Erth      0%         3d7       99%         3
 Summon Guardian Golem    Hex/Summ       0%         N/A       99%         3
 Swiftness                Air            0%         N/A       99%         3
 Teleport Other           Tloc           0%         N/A       99%         3
 Animate Dead             Necr           2%         N/A       99%         4
 Dispel Undead            Necr           2%         3d7       99%         4
 Fulminant Prism          Conj/Hex       0%         3d5       100%        4
 Iskenderun's Mystic Bla  Conj/Tloc      0%         2d3       100%        4
 Manifold Assault         Tloc           0%         N/A       100%        4
 Agony                    Necr           2%         N/A       100%        5
 Alistair's Intoxication  Tmut/Pois      0%         N/A       100%        5
 Iskenderun's Battlesphe  Conj           0%         2d6       100%        5
 Lee's Rapid Deconstruct  Erth           0%         3d4*      100%        5
 Silence                  Hex/Air        0%         N/A       100%        5
 Iron Shot                Conj/Erth      0%         9d1       100%        6
 Haunt                    Necr/Summ      0%         N/A       100%        7
 Spellforged Servitor     Conj/Summ      0%         N/A       100%        7
 Infestation              Necr           1%         N/A       100%        8
 Storm Form               Tmut/Air       Unusable   N/A       N/A         7

Dungeon Overview and Level Annotations

Branches:
Dungeon (15/15)            Temple (0/1) D:6            Lair (5/5) D:11
  Swamp (1/4) Lair:2       Spider (4/4) Lair:3        Slime (0/5) Lair:5
    Orc (2/2) D:12            Elf (0/3) Orc:2        Vaults (0/5) D:14
 Depths (0/4) D:15        Ossuary (visited)          Bailey (visited)

Altars:
Makhleb
Nemelex Xobeh
Qazlal
Ru
Vehumet
Jiyva

Shops:
D:1 (   Orc:2 (*=*

Portals:
Trove: D:14 (give +6 demon whip)

Annotations:
D:2 Sigmund, Terence
D:5 2 transporters, gelatine's ghost, novice AtFi
Lair:5 exclusion: 3 oklob plants
Spider:2 1 exclusion
Abyss:1 Arachne; Duvessa; Maggie; Nergalle


Innate Abilities, Weirdness & Mutations

You are immune to poison.
You have sharp fingernails.
Your flesh is cold resistant. (rC+)
You are immune to negative energy. (rN+++)
You do not regenerate when monsters are visible.
You are immune to unholy pain and torment.
You thrive by killing the living.


Message History

The radroach is almost dead.
The radroach erupts in a fountain of uncontrolled magic!
You are blasted with magical radiation!
You barely miss the radroach.
The radroach is severely wounded.
You block the radroach's attack. The radroach claws you.
You hit the radroach but do no damage.
The radroach is severely wounded.
You block the radroach's attack.
The radroach claws you but does no damage.
You completely miss the radroach.
The radroach is severely wounded.
The radroach waves its antennae.
You block the radroach's attack. The radroach completely misses you.
You draw a card...
You have drawn the Cloud.
Clouds appear around you! The radroach bites you!
You block the radroach's attack.
Your body shudders with the violent release of wild energies!
Your body decomposes!
You feel dopey.
You barely miss the radroach.
The radroach is severely wounded.
The radroach completely misses you.
The radroach claws you but does no damage.
You punch the radroach!
The radroach is almost dead.
You hit the radroach.
The radroach is almost dead.
The radroach erupts in a fountain of uncontrolled magic!
You are blasted with magical radiation!!!
* * * LOW HITPOINT WARNING * * *
You barely miss the radroach.
The radroach is almost dead.
You block the radroach's attack.
The radroach claws you but does no damage.
You hit the radroach but do no damage.
The radroach is almost dead.
The radroach erupts in a fountain of uncontrolled magic!
You are blasted with magical radiation!!
You die...
Your body glows with a rainbow of weird colours and disappears.

.^....# ## #...(.#
.....####.# #.....#
..#..#....## #^^..^#
.....#.....# #...~##
#..........# #.....#
##..#...s@.# #.....#
#####...#^# #.§§..#
####^^#.## ##B...# ..
#..).....# #@§..#..^.
#####.......# #^§.^#^...
#.#.##......# #~.^..~...
........##..####......^..
....#..#...^#(...#........
....#.....#........#..##..
^##..........#............
###.....#...^##.^#^^#..##.
######.^..#..####........#


You could see a radroach.

Vanquished Creatures
  Asterion (Spider:2)
  Gastronok (Lair:3)
  A storm dragon (Lair:5)
  An azure jelly (Swamp:1)
  Donald (Spider:4)
  A fire giant (D:15)
  An emperor scorpion (Spider:4)
  3 ghost moths
  A broodmother (Spider:3)
  A very ugly thing (D:13)
  Azrael (D:12)
  A spark wasp (Spider:4)
  A dire elephant (Lair:5)
  Snorg (D:14)
  2 entropy weavers (Spider:2)
  Josephine (D:14)
  3 hydras
  A fire dragon (D:14)
  A ghost crab (Swamp:1)
  Erolcha (D:9)
  An ogre mage (D:15)
  An anaconda (Spider:1)
  6 radroaches
  3 centaur warriors
  A two-headed ogre (D:11)
  4 boulder beetles
  4 death yaks
  2 orc high priests (Orc:2)
  Sonja (Lair:5)
  5 pharaoh ants
  3 sun moths
  A spectral anaconda (Lair:5)
  A goliath frog (Swamp:1)
  5 orb spiders
  A flayed ghost (D:13)
  A deep troll (D:14)
  4 skeletal warriors (D:15)
  A phantasmal warrior (D:13)
  A wizard (D:15)
  4 steelbarb worms
  4 necromancers
  An obsidian statue (Lair:5)
  6 orc knights
  2 harpies
  10 wolf spiders
  2 manticores
  6 ugly things
  A will-o-the-wisp (Swamp:1)
  4 moths of wrath
  3 orc sorcerers
  2 cyclopes
  13 elephants
  2 black mambas
  A gargoyle (D:12)
  8 cane toads
  3 unseen horrors
  A kobold demonologist (D:12)
  An ice devil (Lair:2)
  6 rime drakes
  A rime drake (shapeshifter) (D:13)
  An anaconda simulacrum (Lair:2)
  14 komodo dragons
  2 tengu conjurers (D:15)
  An efreet (D:15)
  5 trolls
  2 polar bears
  A wind drake (D:13)
  3 meliai (D:14)
  A queen bee (Spider:1)
  A polar bear (shapeshifter) (D:13)
  Grinder (D:6)
  Prince Ribbit (D:8)
  2 hornets
  A spectral elephant (Lair:5)
  A hornet (shapeshifter) (D:14)
  29 tarantellas
  12 blink frogs
  10 slime creatures
  2 shadows
  6 wyverns
  A spriggan (Lair:2)
  43 yaks
  31 jumping spiders
  A water elemental (D:14)
  5 wraiths (D:14)
  18 culicivoras
  3 basilisks
  A vampire (D:11)
  A basilisk (shapeshifter) (D:13)
  4 fire elementals (D:12)
  A death yak simulacrum (Lair:5)
  35 redbacks
  11 vampire mosquitoes
  Menkaure (D:7)
  A swamp worm (Swamp:1)
  A floating eye (Spider:1)
  7 water moccasins
  2 acid dragons
  2 hell hounds (D:12)
  25 orc warriors
  3 ice beasts
  A black bear (shapeshifter) (D:14)
  2 sky beasts
  5 ogres
  An elephant zombie (Lair:5)
  2 wolves
  An elephant skeleton (Lair:5)
  10 centaurs
  A kobold brigand (D:8)
  13 bullfrogs
  3 gnoll sergeants
  4 scorpions
  2 cane toad simulacra
  A two-headed ogre simulacrum (Lair:2)
  Dowan (D:7)
  3 wights (D:8)
  A hornet simulacrum (D:15)
  An elephant simulacrum (Lair:5)
  16 killer bees
  6 electric eels
  2 centaur zombies (Ossuary)
  A howler monkey (D:12)
  4 hounds
  A jelly (D:6)
  A gnoll bouda (D:5)
  7 orc priests
  Jessica (D:3)
  Ijyb (D:5)
  3 iguanas
  18 orc wizards
  A polar bear simulacrum (Lair:2)
  A spriggan simulacrum (Lair:2)
  2 troll simulacra (Lair:2)
  A wolf simulacrum (Lair:2)
  5 hound zombies (Ossuary)
  2 mummies (Ossuary)
  Robin (D:2)
  24 gnolls
  8 adders
  4 white imps
  An ufetubus (D:6)
  5 adder zombies (Ossuary)
  6 worms
  5 dart slugs
  88 orcs
  5 endoplasms
  6 giant cockroaches
  A gnoll zombie (Ossuary)
  22 goblins
  12 hobgoblins
  2 jackals (D:1)
  8 kobolds
  5 quokkas
  6 ball pythons
  3 bats
  4 frilled lizards (D:1)
  4 goblin zombies (Ossuary)
  3 hobgoblin zombies (Ossuary)
  3 jackal zombies (Ossuary)
  4 kobold zombies (Ossuary)
  An orc zombie (Ossuary)
  3 quokka zombies (Ossuary)
  6 rats
  2 rat zombies (Ossuary)
812 creatures vanquished.

Vanquished Creatures (collateral kills)
  An emperor scorpion (Spider:3)
  An entropy weaver (Spider:4)
  A jorogumo (Spider:4)
  A boulder beetle (Spider:4)
  A sun moth (Spider:4)
  2 orb spiders
  An orc knight (Orc:2)
  A wolf spider (Spider:3)
  A demonic crawler (Spider:4)
  3 meliai (Spider:1)
  3 culicivoras (Spider:2)
  2 jumping spiders
  A redback (Spider:3)
  7 killer bees (Spider:1)
  4 orcs (Bailey)
30 creatures vanquished.

Vanquished Creatures (others)
  A pharaoh ant (Spider:4)
  A demonic crawler (Spider:3)
  A bloated husk (Swamp:1)
  A jumping spider (Spider:3)
  An orc (D:12)
  53 fungi
  48 plants
  50 withered plants
156 creatures vanquished.

Grand Total: 998 creatures vanquished

Notes
Turn   | Place    | Note
-------+----------+-------------------------------------------
     0 | D:1      | freelancePsychic the Ghoul Wanderer began the quest for the
                  | Orb.
     0 | D:1      | freelancePsychic set off with the following items: a +0
                  | quarterstaff, a +0 pair of boots, a potion of curing {@q1},
                  | a +0 leather armour; and the following spells available to
                  | memorise: Necrotise, Kiss of Death, Animate Dead.
     0 | D:1      | Reached XP level 1. HP: 16/16 MP: 1/1
   135 | D:1      | Found Pemer's Weapon Shoppe.
   184 | D:1      | Reached XP level 2. HP: 23/23 MP: 2/2
   565 | D:1      | Reached skill level 2 in Fighting
   565 | D:1      | Reached XP level 3. HP: 21/29 MP: 3/3
   974 | D:2      | You fall into a shaft and drop 2 floors!
  1063 | D:2      | Noticed Robin
  1063 | D:2      | Noticed Terence
  1090 | D:2      | Noticed Sigmund
  1185 | D:2      | Reached skill level 1 in Stealth
  1185 | D:2      | Reached XP level 4. HP: 35/37 MP: 4/4
  1595 | D:2      | Killed Robin
  1717 | D:2      | Found a sparkling altar of Nemelex Xobeh.
  1741 | D:2      | Became a worshipper of Nemelex Xobeh the Trickster
  1794 | D:2      | Reached XP level 5. HP: 44/44 MP: 5/5
  2088 | D:2      | Reached skill level 3 in Fighting
  2088 | D:2      | Reached skill level 1 in Invocations
  2221 | D:3      | Noticed Jessica
  2223 | D:3      | Killed Jessica
  2601 | D:3      | Found a large runed translucent door.
  2606 | D:3      | Found a large runed translucent door.
  2607 | D:3      | Reached * piety under Nemelex Xobeh
  2757 | D:3      | Reached XP level 6. HP: 41/51 MP: 6/6
  3046 | D:3      | Found a stormy altar of Qazlal.
  3056 | D:3      | Found a sacrificial altar of Ru.
  3061 | D:3      | Reached skill level 1 in Short Blades
  3132 | D:4      | Noticed an orc warrior
  3312 | D:4      | Received a gift from Nemelex Xobeh
  3705 | D:4      | Reached XP level 7. HP: 55/58 MP: 7/7
  4022 | D:5      | Entered Level 5 of the Dungeon
  4022 | D:5      | Noticed Ijyb
  4151 | D:5      | Paralysed by Ijyb for 5 turns
  4163 | D:5      | Killed Ijyb
  4317 | D:5      | Reached skill level 4 in Fighting
  4588 | D:5      | Reached XP level 8. HP: 59/67 MP: 9/9
  4615 | D:5      | Found a transporter.
  4638 | D:5      | Noticed gelatine's ghost (novice AtFi)
  4658 | D:5      | Found a transporter.
  4787 | D:5      | Identified the +3 scale mail of the World {rElec Str+6
                  | Dex-3 Stlth+}
  4787 | D:5      | Identified the +0 kite shield "Fifackea" {Harm Str+4}
  4884 | D:5      | Reached skill level 5 in Fighting
  5074 | D:6      | Reached ** piety under Nemelex Xobeh
  5099 | D:6      | Identified a scroll of acquirement
  5099 | D:6      | Acquired the +3 buckler "Zaudokyexu" {Will+++}
  5119 | D:6      | Noticed Grinder
  5355 | D:6      | Killed Grinder
  5356 | D:6      | Reached skill level 5 in Short Blades
  5356 | D:6      | Reached skill level 1 in Shields
  5408 | D:6      | Found a sand-covered staircase.
  5417 | Ossuary  | Entered an ossuary
  5622 | Ossuary  | Reached skill level 5 in Invocations
  5622 | Ossuary  | Reached XP level 9. HP: 70/75 MP: 11/11
  5760 | Ossuary  | Reached skill level 6 in Fighting
  6009 | D:6      | Noticed Blork the orc
  6011 | D:6      | Blork the orc changed into Blork the scorpion
  6011 | D:6      | Noticed Blork
  6013 | D:6      | Killed Blork the scorpion
  6288 | D:6      | Found a staircase to the Ecumenical Temple.
  6561 | D:7      | Found a flagged portal.
  6576 | Bailey   | Entered a bailey
  6934 | Bailey   | Noticed an orc knight
  6943 | Bailey   | Noticed an orc knight
  6947 | Bailey   | Reached skill level 7 in Fighting
  6953 | Bailey   | Killed an orc knight
  6954 | Bailey   | Reached XP level 10. HP: 71/86 MP: 13/13
  6958 | Bailey   | Noticed an orc knight
  6976 | Bailey   | Killed an orc knight
  6983 | Bailey   | Killed an orc knight
  7141 | Bailey   | Acquired 888 gold pieces
  7210 | D:7      | Noticed Dowan
  7212 | D:7      | Noticed Menkaure
  7213 | D:7      | Noticed Duvessa
  7214 | D:7      | Received a gift from Nemelex Xobeh
  7225 | D:7      | Killed Menkaure
  7227 | D:7      | Banished Duvessa
  7228 | D:7      | Reached skill level 8 in Fighting
  7235 | D:7      | Killed Dowan
  7336 | D:7      | Noticed Maggie
  7353 | D:7      | Banished Maggie
  7697 | D:8      | Noticed Prince Ribbit
  7706 | D:8      | Killed Prince Ribbit
  7857 | D:8      | Reached XP level 11. HP: 44/95 MP: 14/16
  7983 | D:8      | Reached skill level 9 in Fighting
  8223 | D:8      | Reached skill level 10 in Short Blades
  8423 | D:8      | Reached *** piety under Nemelex Xobeh
  9148 | D:9      | Received a gift from Nemelex Xobeh
  9327 | D:9      | Reached **** piety under Nemelex Xobeh
  9407 | D:9      | Noticed Erolcha
  9416 | D:9      | Killed Erolcha
  9417 | D:9      | Reached skill level 10 in Fighting
 10093 | D:10     | Entered Level 10 of the Dungeon
 10094 | D:10     | Received a gift from Nemelex Xobeh
 10259 | D:10     | Reached skill level 1 in Armour
 10361 | D:10     | Reached skill level 10 in Invocations
 10405 | D:10     | Received a gift from Nemelex Xobeh
 10814 | D:11     | Noticed a brown ugly thing
 10824 | D:10     | Killed a brown ugly thing
 11049 | D:11     | Reached XP level 12. HP: 65/108 MP: 18/18
 11182 | D:11     | Noticed a two-headed ogre
 11193 | D:11     | Killed a two-headed ogre
 11194 | D:11     | Reached skill level 11 in Fighting
 11342 | D:11     | Identified the +0 spear "Yziuc" {flame, rElec rN++ Str+2
                  | Dex-2}
 11357 | D:11     | Noticed a two-headed ogre
 11392 | D:11     | Banished a two-headed ogre
 11922 | D:11     | Found a staircase to the Lair.
 11933 | D:11     | Reached ***** piety under Nemelex Xobeh
 12130 | Lair:1   | Entered Level 1 of the Lair of Beasts
 12340 | Lair:1   | Identified the amulet of the Burning Gods {RegenMP rElec
                  | Will+ Int-2}
 12385 | Lair:1   | Received a gift from Nemelex Xobeh
 12452 | Lair:1   | Reached skill level 5 in Armour
 12492 | Lair:1   | Reached skill level 12 in Fighting
 13234 | Lair:2   | Received a gift from Nemelex Xobeh
 13474 | Lair:2   | Found a staircase to the Swamp.
 13555 | Lair:2   | Reached XP level 13. HP: 119/119 MP: 21/21
 13557 | Lair:2   | Noticed an ice dragon
 13596 | Lair:2   | an ice dragon changed into a radroach
 13927 | Lair:2   | Received a gift from Nemelex Xobeh
 14726 | Lair:2   | Reached skill level 13 in Fighting
 15329 | Lair:3   | Found a hole to the Spider Nest.
 15716 | Lair:3   | Received a gift from Nemelex Xobeh
 15841 | Lair:3   | Noticed Gastronok
 15852 | Lair:3   | Noticed Nergalle
 15853 | Lair:3   | Killed Gastronok
 15869 | Lair:3   | Banished Nergalle
 16206 | Lair:3   | Received a gift from Nemelex Xobeh
 16667 | Lair:4   | Reached skill level 14 in Fighting
 17025 | Lair:4   | Reached XP level 14. HP: 118/133 MP: 22/22
 17349 | Lair:4   | Identified the +0 chain mail "Ydghaolo" {Stlth+}
 17740 | Lair:5   | Entered Level 5 of the Lair of Beasts
 17740 | Lair:5   | Noticed Sonja
 17741 | Lair:5   | Received a gift from Nemelex Xobeh
 17750 | Lair:5   | Killed Sonja
 17768 | Lair:4   | Reached skill level 15 in Fighting
 18277 | Lair:5   | Found a staircase to the Slime Pits.
 18278 | Lair:5   | Found a viscous altar of Jiyva.
 18461 | Lair:5   | Noticed a dire elephant
 18461 | Lair:5   | Noticed a dire elephant
 18461 | Lair:5   | Noticed a dire elephant
 18469 | Lair:5   | Reached skill level 10 in Armour
 18481 | Lair:5   | Noticed a dire elephant
 18481 | Lair:5   | Noticed a dire elephant
 18505 | Lair:5   | Killed a dire elephant
 18509 | Lair:5   | Banished a dire elephant
 18808 | Lair:5   | a dire elephant changed into a storm dragon
 18808 | Lair:5   | Noticed a storm dragon
 18808 | Lair:5   | a dire elephant changed into a minotaur
 18825 | Lair:5   | Banished a dire elephant
 19245 | Lair:5   | Received a gift from Nemelex Xobeh
 19253 | Lair:5   | Killed a storm dragon
 19542 | Lair:5   | Reached skill level 16 in Fighting
 20611 | D:12     | Found a staircase to the Orcish Mines.
 21250 | D:12     | Reached XP level 15. HP: 145/145 MP: 23/23
 21472 | D:12     | Received a gift from Nemelex Xobeh
 21810 | D:13     | Reached ****** piety under Nemelex Xobeh
 22068 | D:13     | Received a gift from Nemelex Xobeh
 22444 | D:13     | Reached skill level 17 in Fighting
 23553 | D:14     | Noticed Snorg
 23574 | D:14     | Killed Snorg
 23776 | D:14     | Found a portal to a secret trove of treasure.
 23788 | D:14     | Received a gift from Nemelex Xobeh
 23936 | D:14     | Noticed Josephine
 23976 | D:14     | Killed Josephine
 24580 | D:14     | Found a radiant altar of Vehumet.
 25454 | D:14     | Found a gate to the Vaults.
 25590 | D:15     | Entered Level 15 of the Dungeon
 25657 | D:15     | Reached skill level 18 in Fighting
 26128 | D:15     | Found a sparkling altar of Nemelex Xobeh.
 26206 | D:15     | Received a gift from Nemelex Xobeh
 26251 | D:15     | Found a staircase to the Depths.
 26251 | D:15     | Noticed a fire giant
 26384 | D:12     | Noticed Azrael
 26400 | D:12     | Killed Azrael
 26410 | Orc:1    | Entered Level 1 of the Orcish Mines
 26735 | Orc:2    | Entered Level 2 of the Orcish Mines
 26735 | Orc:2    | Found a staircase to the Elven Halls.
 26747 | Orc:2    | Reached skill level 5 in Dodging
 26791 | Orc:2    | Found a burning altar of Makhleb.
 26819 | Orc:2    | Noticed an orc warlord
 26845 | Orc:2    | Banished an orc warlord
 26923 | Orc:2    | Found Siolenlo's General Store.
 27112 | Orc:2    | Acquired the +2 pair of gloves "Biecw" {rF+ MP-9 Dex+4}
 27119 | Orc:2    | Acquired 1248 gold pieces
 27248 | Orc:2    | Reached XP level 16. HP: 134/159 MP: 15/24
 27335 | Orc:2    | Received a gift from Nemelex Xobeh
 27864 | Orc:2    | Found Weohy's Weapon Emporium.
 27869 | Orc:2    | Found Giz Sisa's General Store.
 27897 | Orc:2    | Found Xytazxoepp's Jewellery Shop.
 27904 | Orc:2    | Bought a manual of Fighting for 1120 gold pieces
 27904 | Orc:2    | Bought a scroll of enchant armour for 105 gold pieces
 27914 | Orc:2    | Bought an amulet of reflection for 360 gold pieces
 28347 | D:15     | Reached skill level 19 in Fighting
 28806 | D:15     | Received a gift from Nemelex Xobeh
 29371 | Swamp:1  | Entered Level 1 of the Swamp
 29376 | Swamp:1  | Noticed Jorgrun
 29420 | Swamp:1  | Jorgrun changed into Jorgrun the azure jelly
 29420 | Swamp:1  | Noticed Jorgrun
 29420 | Swamp:1  | Killed Jorgrun the azure jelly
 29798 | Spider:1 | Entered Level 1 of the Spider Nest
 30262 | Spider:1 | Reached skill level 1 in Unarmed Combat
 31491 | Spider:1 | Reached skill level 20 in Fighting
 31739 | Spider:1 | Received a gift from Nemelex Xobeh
 31806 | Spider:2 | Noticed Arachne
 31943 | Spider:1 | Banished Arachne
 31993 | Spider:2 | Reached skill level 5 in Unarmed Combat
 32475 | Spider:2 | Received a gift from Nemelex Xobeh
 32493 | Spider:2 | Reached XP level 17. HP: 160/171 MP: 17/26
 32787 | Spider:2 | Noticed Asterion
 32801 | Spider:2 | Killed Asterion
 33673 | Spider:3 | Identified the +0 leather armour of Objectivity {rF++ Will-
                  | Int+3 Slay+6}
 33745 | Spider:3 | Identified the +1 spear of the Everdark {venom, Stlth+}
 34090 | Spider:3 | Reached skill level 21 in Fighting
 35949 | Spider:4 | Entered Level 4 of the Spider Nest
 36529 | Spider:4 | Reached skill level 10 in Unarmed Combat
 37064 | Spider:4 | Noticed Donald
 37154 | Spider:4 | Killed Donald
 38431 | Spider:3 | HP: 8/173 [broodmother (22)]
 38431 | Spider:3 | HP: 2/173 [wolf spider[a broodmother] (6)]
 38761 | Spider:4 | HP: 7/173 [radroach (48)]
 38763 | Spider:4 | Annihilated by a radroach

Illustrated notes

Levels and vault maps discovered:
D:1:      evilmike_arrival_come_back, layout_loops_ring, serial_shops,
          nicolae_shop_bloodbath_and_beyond
D:2:      layout_basic, chequers_ecumenical_altar_twisty, basic_altar,
          kennysheep_potato, uniq_sigmund, uniq_robin, uniq_terence
D:3:      layout_basic, jmf_multi_god_temple2, serial_forest,
          infiniplex_forest_zigzag_1, infiniplex_forest_straight_3,
          infiniplex_forest_clump_small, infiniplex_forest_lined_4_way,
          infiniplex_forest_lined_room_2, infiniplex_forest_clump_large,
          infiniplex_forest_join, uniq_jessica
D:4:      layout_loops_ring, kennysheep_minor_cross
D:5:      layout_basic, gammafunk_ghost_gnarly_gnolls, nicolae_goblin_pals
D:6:      layout_rooms, temple_doors_e, lightli_ossuary_entry_decrepit_ruins,
          uniq_grinder, uniq_blork_the_orc
D:7:      layout_rooms, enter_bailey_3, uniq_menkaure, uniq_duvessa, uniq_maggie
D:8:      layout_cave_pools, serial_rivers, chequers_serial_rivers_large_a,
          chequers_serial_rivers_micro_e, chequers_serial_rivers_micro_d,
          chequers_serial_rivers_marsh, chequers_serial_rivers_micro_b,
          serial_bayou_pond_e, nicolae_elevator_lobby_plus, uniq_prince_ribbit1
D:9:      layout_cave_pods, hangedman_decor_clover_reticule,
          serial_bayou_lake_a, uniq_erolcha
D:10:     layout_cave_pools, special_room [special_room_orc]
D:11:     layout_cave_pools, erik_lair_dragon, glass_columns_b,
          nrook_pool_corridor
D:12:     layout_long_grid, hiddenorc1_lemuel, uniq_azrael
D:13:     minmay_two_paths, layout_irregular_city
D:14:     layout_basic, david_vaults_4, enter_trove_2, vehumet_crystals,
          uniq_snorg, uniq_josephine
D:15:     grunt_enter_depths_giant_problem, layout_stronghold,
          nemelex_lonely_heart_becter, nicolae_sextant
Lair:1:   layout_chaotic_city, lemuel_fruit_tree, grunt_megastairs_2
Lair:2:   dreamdust_isle_of_ice, layout_loops_ring, minmay_swamp_entry_swarm,
          pdpol_lair_neglected_garden, minmay_lair_oklob_items
Lair:3:   layout_long_grid, nicolae_spider_entry_non_spiders,
          beast_lair_carwin_2, uniq_nergalle, uniq_gastronok
Lair:4:   layout_small_grid
Lair:5:   due_jungle_book, layout_regular_city, minmay_slime_entry_oklob_open,
          uniq_sonja
Swamp:1:  layout_basic_swamp, nicolae_swamp_bean_lake,
          infiniplex_staircase_pool, uniq_jorgrun
Spider:1: nicolae_spider_hilbert_zone_3 [nicolae_spider_hilbert_4_sides_2_open,
          nicolae_spider_hilbert_3_sides_1_open,
          nicolae_spider_hilbert_3_sides_1_open,
          nicolae_spider_hilbert_3_sides_1_open,
          nicolae_spider_hilbert_3_sides_1_open,
          nicolae_spider_hilbert_4_sides_1_open,
          nicolae_spider_hilbert_4_sides_1_open,
          nicolae_spider_hilbert_4_sides_1_open,
          nicolae_spider_hilbert_4_sides_1_open,
          nicolae_spider_hilbert_4_sides_1_open,
          nicolae_spider_hilbert_4_sides_1_open,
          nicolae_spider_hilbert_4_sides_1_open,
          nicolae_spider_hilbert_4_sides_1_open,
          nicolae_spider_hilbert_3_sides_1_open,
          nicolae_spider_hilbert_3_sides_1_open,
          nicolae_spider_hilbert_3_sides_1_open,
          nicolae_spider_hilbert_3_sides_1_open], special_room
          [special_room_bee]
Spider:2: layout_spider_delve, spiders_nest_spider_trap, uniq_asterion,
          uniq_arachne
Spider:3: layout_cave_pods
Spider:4: grunt_spider_rune_parallel, uniq_donald
Orc:1:    layout_caves, rock_pile, uniq_harold, uniq_maurice
Orc:2:    st_orc_elflike, layout_caves, basic_altar, guppyfry_library_mini

Skill      XL: |  1  2  3  4  5  6  7  8  9 10 11 12 13 14 15 16 17 |
---------------+----------------------------------------------------+-----
Staves         | 2 3 |  3.2
Fighting       | 2 3 4 5 7 8 10 12 14 16 18 20 21 | 21.1
Stealth        | 1 2 3 4 |  4.4
Invocations    | 1 2 3 5 6 8 10 12 13 14 | 14.1
Short Blades   | 2 3 5 7 9 10 | 10.0
Shields        | 1 4 |  4.0
Armour         | 2 6 9 11 12 | 12.8
Dodging        | 5 8 |  8.4
Unarmed Combat | 5 12 | 12.4
Spellcasting   | |  1.0
Necromancy     | |  2.0

Action                     |  1- 3 |  4- 6 |  7- 9 | 10-12 | 13-15 | 16-18 || total
---------------------------+-------+-------+-------+-------+-------+-------++-------
  Melee: Quarterstaff      |   101 |    29 |       |       |       |       ||   130
         Dagger            |       |   135 |   409 |   647 |  1478 |  1049 ||  3718
         Punch             |       |     1 |     2 |       |       |       ||     3
         Unarmed           |       |       |       |       |       |   417 ||   417
  Throw: Throwing net      |       |       |       |       |     2 |       ||     2
 Invoke: Draw Destruction  |       |       |     7 |    11 |    42 |    28 ||    88
         Draw Escape       |       |       |     1 |       |     2 |     9 ||    12
         Draw Summoning    |       |       |     1 |       |     2 |    11 ||    14
         Stack Five        |       |       |       |     1 |     1 |       ||     2
         Draw Stack        |       |       |       |       |     2 |     1 ||     3
         Deal Four         |       |       |       |       |     1 |     3 ||     4
  Evoke: Wand              |       |     3 |       |       |     2 |     6 ||    11
    Use: Potion            |     2 |       |     3 |     3 |     3 |    15 ||    26
         Scroll            |     4 |     2 |    14 |    16 |     9 |     7 ||    52
   Stab: Sleeping          |       |     5 |     8 |       |     1 |     2 ||    16
         Invisible         |       |       |     5 |     8 |       |     4 ||    17
         Distracted        |       |       |       |       |     1 |     4 ||     5
         Petrified         |       |       |       |       |       |     8 ||     8
 Armour: Leather armour    |    32 |    38 |   128 |       |       |       ||   198
         Scale mail        |       |       |    16 |   125 |   519 |   605 ||  1265
  Dodge: Dodged            |    69 |    92 |   260 |   169 |   419 |   577 ||  1586
  Block: Buckler           |       |       |   125 |   144 |   372 |   814 ||  1455
         Reflection        |       |       |       |       |       |     4 ||     4

Table legend: (Time is in decaauts)
 A = Elapsed time spent in this place.
 B = Non-inter-level travel time spent in this place.
 C = Inter-level travel time spent in this place.
 D = Time resting spent in this place.
 E = Time spent auto-exploring this place.
 F = Levels seen in this place.
 G = Mean time per level.
                   A        B        C        D        E       F      G
               +--------+--------+--------+--------+--------+-----+--------+
         Total |  37300 |  35722 |   1578 |   2933 |  25981 |  29 | 1286.2 |
       Dungeon |  17978 |  16838 |   1140 |   1364 |  12534 |  15 | 1198.5 |
          Lair |   8234 |   7972 |    262 |    625 |   6000 |   5 | 1646.8 |
         Swamp |    117 |    117 |      0 |      0 |     28 |   1 |  117.0 |
   Spider Nest |   8567 |   8465 |    102 |    944 |   5712 |   4 | 2141.8 |
  Orcish Mines |   1323 |   1252 |     71 |      0 |    918 |   2 |  661.5 |
       Ossuary |    544 |    544 |      0 |      0 |    395 |   1 |  544.0 |
        Bailey |    535 |    535 |      0 |      0 |    394 |   1 |  535.0 |
               +--------+--------+--------+--------+--------+-----+--------+

Top non-repeatable levels by time:
Spider:3: 2428 daAuts
    D:14: 2207 daAuts
Spider:1: 2188 daAuts
  Lair:5: 2132 daAuts
  Lair:2: 2084 daAuts
Spider:4: 2078 daAuts
Spider:2: 1871 daAuts
    D:15: 1744 daAuts
    D:13: 1618 daAuts
  Lair:4: 1450 daAuts
    D:12: 1445 daAuts
    D:11: 1347 daAuts
     D:9: 1325 daAuts
  Lair:1: 1313 daAuts
     D:1: 1270 daAuts
